 Dungeon Crawl Stone Soup version 0.26-a0-1191-ge2a0e31ab3 (webtiles) character file.

Game seed: 1651284072103022248

8 Azzok the Skirmisher (level 2, 6/24 HPs)
             Began as a Demonspawn Fighter on Dec 28, 2020.
             Quit the game on level 1 of the Dungeon.
             The game lasted 00:00:17 (121 turns).

Azzok the Skirmisher (Demonspawn Fighter)            Turns: 121, Time: 00:00:17

Health: 6/24       AC:  6    Str: 16    XL:     2   Next: 0%
Magic:  2/2        EV:  9    Int:  9    God:
Gold:   0          SH:  0    Dex: 12    Spells: 1/1 levels left

rFire    . . .     SeeInvis .   a - +0 war axe
rCold    + . .     Faith    .   (no shield)
rNeg     . . .     Spirit   .   b - +0 scale mail
rPois    .         Reflect  .   (no helmet)
rElec    .         Harm     .   (no cloak)
rCorr    .         Rampage  .   (no gloves)
Will     .....                  (no boots)
Stlth    ..........             (no amulet)
HPRegen  0.08/turn              (no ring)
MPRegen  0.08/turn              (no ring)

@: no status effects
A: cold resistance 1
a: no special abilities


You were on level 1 of the Dungeon.
You visited 1 branch of the dungeon, and saw 1 of its levels.

Inventory:

Hand Weapons
 a - a +0 war axe (weapon)
Armour
 b - a +0 scale mail (worn)
 c - a +0 kite shield
Potions
 d - a potion of might
 e - a potion of berserk rage {unknown}
 f - a potion of flight {unknown}


   Skills:
 + Level 3.1 Fighting
 + Level 2.0 Axes
 + Level 2.8 Armour
 + Level 2.8 Shields


You had one spell level left.
You didn't know any spells.
Your spell library was empty.

Dungeon Overview and Level Annotations

Branches:
Dungeon (1/15)

Altars:


Innate Abilities, Weirdness & Mutations

Your flesh is cold resistant. (rC+)


Message History

The leopard gecko bites you but does no damage.
The leopard gecko bites you.
You miss the leopard gecko. The leopard gecko bites you.
* * * LOW HITPOINT WARNING * * *
The leopard gecko bites you but does no damage.
You miss the leopard gecko. The leopard gecko bites you.
* * * LOW HITPOINT WARNING * * *
You completely miss the leopard gecko. The leopard gecko barely misses you.
The leopard gecko completely misses you.
You closely miss the leopard gecko. The leopard gecko barely misses you.
The leopard gecko misses you.
You barely miss the leopard gecko.
The leopard gecko bites you but does no damage.
You slash the leopard gecko!
You kill the leopard gecko!
Your Axes skill increases to level 2!
You have reached level 2!
Your demonic ancestry asserts itself...
You feel resistant to cold.
Are you sure you want to abandon this character and quit the game? (Confirm with "yes".)

▒·▒ ▒▒▒▒▒▒▒ ▒·▒ ▒·····▒
▒)▒ ▒·▒▒▒·▒▒▒▒▒·▒
▒···········▒
▒▒▒▒▒▒▒▒▒▒▒▒▒▒▒▒·▒▒·····
···b····?···············
▒·▒▒▒▒†▒▒▒▒▒·▒▒····†·▒▒
▒@▒ ▒····▒▒▒▒·▒ ▒)▒
▒▒▒··▒ ▒·▒ ▒·▒ ▒···· ▒·▒
▒·▒ ▒·▒▒▒▒▒·▒ ▒·▒
▒·······▒ ··· ▒▒▒▒··▒▒▒
··· ▒▒▒▒··▒▒ ···
▒··'···▒ ▒<·▒▒··▒


There were no monsters in sight!

Vanquished Creatures
  A leopard gecko (D:1)
  2 hobgoblins (D:1)
  2 bats (D:1)
  2 frilled lizards (D:1)
7 creatures vanquished.

Notes
Turn   | Place    | Note
-------+----------+-------------------------------------------
     0 | D:1      | Azzok the Demonspawn Fighter began the quest for the Orb.
     0 | D:1      | Reached XP level 1. HP: 18/18 MP: 1/1
   121 | D:1      | Gained mutation: Your flesh is cold resistant. (rC+)
                  | [demonic ancestry]
   121 | D:1      | Reached XP level 2. HP: 6/24 MP: 2/2
   121 | D:1      | Quit the game

Illustrated notes

Levels and vault maps discovered:
D:1:      dpeg_arrival_short_road, layout_basic

Skill      XL: |  1 |
---------------+----+-----
Axes           | 2 |  2.0
Fighting       | |  3.1
Armour         | |  2.8
Shields        | |  2.8

Action                   || total
-------------------------++-------
Melee: War axe           ||    32
Armor: Scale mail        ||    31
Dodge: Dodged            ||    21

Table legend: (Time is in decaauts)
 A = Elapsed time spent in this place.
 B = Non-inter-level travel time spent in this place.
 C = Inter-level travel time spent in this place.
 D = Time resting spent in this place.
 E = Time spent auto-exploring this place.
 F = Levels seen in this place.
 G = Mean time per level.
                   A        B        C        D        E       F      G
               +--------+--------+--------+--------+--------+-----+--------+
         Total |    133 |    133 |      0 |      0 |     65 |   1 |  133.0 |
       Dungeon |    133 |    133 |      0 |      0 |     65 |   1 |  133.0 |
               +--------+--------+--------+--------+--------+-----+--------+

Top non-repeatable levels by time:
     D:1: 133 daAuts
